 Dungeon Crawl Stone Soup version 0.27.0-1-g7a089689b8 (webtiles) character file.

Game seed: 3177748927348545946

9 snetch the Chopper (level 2, -1/40 HPs)
             Began as a Minotaur Berserker on Aug 10, 2021.
             Was a Follower of Trog.
             Slain by a quokka (5 damage)
             ... on level 1 of the Dungeon.
             The game lasted 00:00:32 (99 turns).

snetch the Chopper (Minotaur Berserker)               Turns: 99, Time: 00:00:32

Health: -1/40      AC:  2    Str: 21    XL:     2   Next: 3%
Magic:  1/1        EV: 12    Int:  4    God:    Trog [*.....]
Gold:   17         SH:  0    Dex:  9    Spells: 1/1 levels left

rFire    . . .     SeeInvis .   a - +0 hand axe
rCold    . . .     Faith    .   (no shield)
rNeg     . . .     Spirit   .   b - +0 animal skin
rPois    .         Reflect  .   (helmet restricted)
rElec    .         Harm     .   (no cloak)
rCorr    .         Rampage  .   (no gloves)
Will     .....                  (no boots)
Stlth    ..........             (no amulet)
HPRegen  0.13/turn              (no ring)
MPRegen  0.07/turn              (no ring)

@: berserking, very quick
A: horns 2, retaliatory headbutt
a: Renounce Religion, Berserk


You were on level 1 of the Dungeon.
You worshipped Trog.
Trog was aware of your devotion.
You visited 1 branch of the dungeon, and saw 2 of its levels.

You collected 17 gold pieces.

Inventory:

Hand Weapons
 a - a +0 hand axe (weapon)
Missiles
 c - 24 stones (quivered)
 d - 9 bolts
Armour
 b - a +0 animal skin (worn)


   Skills:
 + Level 3.9 Fighting
 + Level 4.0 Axes
 + Level 2.5 Armour
 + Level 2.2 Dodging


You had one spell level left.
You didn't know any spells.
Your spell library contained the following spells:

 Spells                   Type           Power      Damage    Failure   Level
 Summon Small Mammal      Summ           0%         N/A       50%         1
 Call Canine Familiar     Summ           0%         N/A       86%         3
 Summon Guardian Golem    Hex/Summ       0%         N/A       86%         3


Dungeon Overview and Level Annotations

Branches:
Dungeon (2/15)

Altars:


Innate Abilities, Weirdness & Mutations

You have a pair of horns on your head.
You reflexively headbutt those who attack you in melee.


Message History

Trog accepts your kill.
A jackal comes into view.
The jackal barks!
You hear a shout!
Things that are here:
a +0 club; a goblin corpse You barely miss the kobold.
The kobold misses you. The quokka completely misses you.
You barely miss the quokka. You headbutt the quokka.
The quokka is lightly wounded.
You hit the kobold but do no damage. The kobold barely misses you.
The quokka barely misses you.
You hit the quokka but do no damage.
The quokka is lightly wounded.
You closely miss the kobold.
The kobold hits you with a +0 short sword.
* * * LOW HITPOINT WARNING * * *
The quokka misses you.
Unknown command.
You barely miss the quokka.
The quokka is lightly wounded.
You hit the kobold.
You kill the kobold!
Trog accepts your kill.
The quokka bites you but does no damage.
The quokka barely misses you. The jackal closely misses you.
Your Axes skill increases to level 4!
You have reached level 2!
You completely miss the jackal. You hit the quokka.
The jackal completely misses you. The quokka bites you.
* * * LOW HITPOINT WARNING * * *
You hit the jackal. Your headbutt misses the jackal.
The jackal is moderately wounded.
You miss the quokka. The jackal bites you.
* * * LOW HITPOINT WARNING * * *
The quokka barely misses you. The jackal bites you.
* * * LOW HITPOINT WARNING * * *
Unknown command.
A red film seems to cover your vision as you go berserk!
You feel yourself moving faster!
You feel mighty! The quokka bites you.
You die...

....... #......
....... .....###
......#####
#....#...
.####.)..#.######.
......h@..>.......
...####r...#.#.##.
#....# # #.....#
#..#..# ....[....
.##..##.#.. ..
........... .
##### ..#...


You could see a quokka and a jackal.

Vanquished Creatures
  3 bats (D:2)
  2 goblins (D:1)
  A hobgoblin (D:1)
  3 kobolds (D:1)
9 creatures vanquished.

Notes
Turn   | Place    | Note
-------+----------+-------------------------------------------
     0 | D:1      | snetch the Minotaur Berserker began the quest for the Orb.
     0 | D:1      | Reached XP level 1. HP: 19/19 MP: 0/0
    97 | D:1      | Reached skill level 4 in Axes
    97 | D:1      | Reached XP level 2. HP: 6/27 MP: 1/1
    99 | D:1      | Slain by a quokka

Illustrated notes

Levels and vault maps discovered:
D:1:      dpeg_arrival_oval, layout_basic,
          hellmonk_ecumenical_altar_leap_of_faith, minmay_pentomino_p4
D:2:      layout_basic, serial_curves, eino_curves_04, eino_curves_03

Skill      XL: |  1 |
---------------+----+-----
Axes           | 4 |  4.0
Fighting       | |  3.9
Armour         | |  2.5
Dodging        | |  2.2

Action                   || total
-------------------------++-------
Melee: Hand axe          ||    20
       Headbutt          ||     2
Invok: Berserk           ||     1
Armor: Animal skin       ||     6
Dodge: Dodged            ||    17
